 Dungeon Crawl Stone Soup version 0.27.0-1-g7a089689b8 (webtiles) character file.

Game seed: 9287296012525716648

75 Malachi the Sneak (level 4, 0/34 HPs)
             Began as a Demonspawn Brigand on Aug 17, 2021.
             Slain by a goblin (4 damage)
             ... led by Robin
             ... on level 2 of the Dungeon.
             The game lasted 00:01:38 (2578 turns).

Malachi the Sneak (Demonspawn Brigand)              Turns: 2578, Time: 00:01:38

Health: 0/34       AC:  3    Str: 12    XL:     4   Next: 11%
Magic:  4/4        EV: 12    Int: 12    God:
Gold:   99         SH:  0    Dex: 15    Spells: 3/3 levels left

rFire    . . .     SeeInvis .   a - +4 dagger (venom)
rCold    . . .     Faith    .   (no shield)
rNeg     . . .     Spirit   .   b - +0 robe
rPois    .         Reflect  .   (no helmet)
rElec    .         Harm     .   c - +0 cloak
rCorr    .         Rampage  .   (no gloves)
Will     .....                  (no boots)
Stlth    +++.......             (no amulet)
HPRegen  0.11/turn              (no ring)
MPRegen  0.09/turn              (no ring)

@: mighty
A: hooves 1
a: no special abilities


You were on level 2 of the Dungeon.
You visited 1 branch of the dungeon, and saw 2 of its levels.

You collected 99 gold pieces.

Inventory:

Hand Weapons
 a - a +4 dagger of venom (weapon)
 j - a +1 dagger of electrocution
Missiles
 d - 27 poisoned darts (quivered)
 e - 2 curare-tipped darts
Armour
 b - a +0 robe (worn)
 c - a +0 cloak (worn)
Scrolls
 h - a scroll of enchant armour {unknown}
 i - a scroll of blinking {unknown}


   Skills:
 + Level 2.3 Fighting
 + Level 2.5 Short Blades
 + Level 1.9 Throwing
 + Level 1.1 Dodging
 + Level 4.5 Stealth


You had 3 spell levels left.
You didn't know any spells.
Your spell library contained the following spells:

 Spells                   Type           Power      Damage    Failure   Level
 Slow                     Hex            0%         N/A       45%         2
 Confusing Touch          Hex            0%         N/A       69%         3
 Yara's Violent Unravell  Hex/Tmut       0%         3d3       100%        5


Dungeon Overview and Level Annotations

Branches:
Dungeon (2/15)

Altars:

Annotations:
D:2 Robin


Innate Abilities, Weirdness & Mutations

You have large cloven feet.


Message History

The goblin misses you.
Robin roars a battlecry!
The goblin goes into a battle-frenzy!
You hear a shout!
It was a potion of might.
You feel very mighty all of a sudden.
You kill the goblin!
The goblin misses you.
It was a potion of curing.
You feel better.
The hobgoblin no longer looks unusually strong.
The goblin hits you with a +0 short sword.
Things that are here:
a +0 club; a goblin corpse You puncture the goblin!
You kill the goblin!
You hit the hobgoblin. You kick the hobgoblin.
You kill the hobgoblin!
The hobgoblin completely misses you.
Things that are here:
a +0 short sword; a goblin corpse You barely miss the hobgoblin.
You kick the hobgoblin.
You kill the hobgoblin!
Robin says, "Feeling lonely?"
You hit the hobgoblin.
The hobgoblin is poisoned.
You kick the hobgoblin.
You kill the hobgoblin!
Robin's bangles clink loudly.
Robin throws the goblin at you! The goblin barely misses you.
Items here: ( )))) ††.
You puncture Robin!
Robin is poisoned.
Robin is severely wounded.
Robin's horned helmet rattles.
Robin hits you with a +3 club.
* * * LOW HITPOINT WARNING * * *
The goblin hits you with a +0 dagger.
* * * LOW HITPOINT WARNING * * *
You hit Robin.
Robin looks as sick as possible!
You kick Robin, but do no damage.
Robin is severely wounded.
Robin closely misses you. The goblin hits you with a +0 dagger.
You die...

........###### ..#
......#.#....# #.#.#.#
#.# ......#.#....# #.#.#)
#.# #######.#....# #....
#.. ###..........# #...
#.. ..#.......#### #..
#.. ..#.......# #.#+#+#
#.#
..#.......#######.#.#.#
#.#
###.......#<..)g@g..#.#..
#.#
#####.#########)###.#.#
#.# #.# #.......#.# #.#
#.# #.#.###.#.# #.# #.#
#.#.#...#.#######..
#####.# #
#.#.#.#.#........ #....(#
#.#.#.#.#.####### #.#####
#.#.............. #.#
#.###.#.###.#####


You could see Robin (extremely poisoned) and a goblin (strong).

Vanquished Creatures
  2 adders (D:2)
  A worm (D:2)
  A dart slug (D:1)
  A bat (D:2)
  8 goblins (D:2)
  9 hobgoblins
  7 jackals
  3 quokkas
  6 ball pythons
  3 frilled lizards (D:1)
  3 rats (D:2)
44 creatures vanquished.

Notes
Turn   | Place    | Note
-------+----------+-------------------------------------------
     0 | D:1      | Malachi the Demonspawn Brigand began the quest for the Orb.
     0 | D:1      | Reached XP level 1. HP: 16/16 MP: 1/1
   510 | D:1      | Reached skill level 4 in Stealth
   548 | D:1      | Gained mutation: You have large cloven feet. [demonic
                  | ancestry]
   548 | D:1      | Reached XP level 2. HP: 8/22 MP: 2/2
  1115 | D:1      | Found a faded altar of an unknown god.
  1707 | D:2      | Reached XP level 3. HP: 27/27 MP: 3/3
  2060 | D:2      | Reached skill level 1 in Dodging
  2549 | D:2      | Noticed Robin
  2565 | D:2      | Reached XP level 4. HP: 12/34 MP: 4/4
  2578 | D:2      | Slain by a goblin

Illustrated notes

Levels and vault maps discovered:
D:1:      kilobyte_arrival_exit_the_forest, layout_basic,
          shapermc_ecumenical_altar_ellora
D:2:      layout_basic, uniq_robin

Skill      XL: |  1  2  3 |
---------------+----------+-----
Stealth        | 4 |  4.5
Short Blades   | 2 |  2.5
Dodging        | 1 |  1.1
Fighting       | |  2.3
Throwing       | |  1.9

Action                   |  1- 3 |  4- 6 || total
-------------------------+-------+-------++-------
Melee: Dagger            |    85 |     9 ||    94
       Kick              |     8 |     5 ||    13
  Use: Scroll            |     3 |       ||     3
       Potion            |       |     2 ||     2
 Stab: Sleeping          |     5 |       ||     5
Armor: Robe              |    20 |     1 ||    21
Dodge: Dodged            |    42 |     6 ||    48
